AoeStats
← Kulishaak

Glade

510472117Analyzed
1v1 RM · 4h ago on Oct 1, 2026· 39m 11s· 2 players
Game mode
Random Map
Map size
Tiny (2 player)
Population
200
Speed
Normal
Resources
Standard
Victory
Conquest
Starting age
Dark Age
Ending age
Imperial Age
RankedLock teamsTeams togetherTeam positionsShared explorationLock speedFull tech treeHidden civsTurbo modeCheats
Victory
Defeat
🇦🇷 Maya · Argentina
1179
+15
🇨🇿 Saxons · Czechia
1164
-15
Kulishaak
2:02 Loom
9:37 Feudal Age
10:12 Double-Bit Axe
10:41 Man-at-Arms
12:04 Arson
19:15 Castle Age
17:55 Horse Collar
18:07 Gold Mining
18:53 Stone Mining
19:39 Scale Mail Armor
19:33 Fletching
22:41 Bodkin Arrow
23:49 Bow Saw
30:36 Imperial Age
28:46 Masonry
29:14 Wheelbarrow
29:12 Forging
30:20 Chain Mail Armor
30:41 Iron Casting
30:30 Heavy Plow
30:21 Town Watch
30:51 Squires
30:36 Gambesons
31:12 Capped Ram
33:04 Architecture
34:22 Plate Mail Armor
33:48 Shield Wall
35:12 Hoardings
34:51 Elite Skirmisher
35:34 Bracer
36:38 Hoardings
37:43 Hand Cart
38:23 Treadmill Crane
PotterDolf
10:27 Feudal Age
10:38 Loom
14:24 Castle Age
13:21 Double-Bit Axe
18:58 Horse Collar
24:05 Wheelbarrow
25:37 Heavy Plow
26:09 Fletching
31:06 Imperial Age
29:08 Bodkin Arrow
29:30 Padded Archer Armor
30:04 Bow Saw
30:57 Gold Mining
31:02 Stone Mining
32:46 Stone Shaft Mining
32:27 Masonry
33:18 Chemistry
33:21 Hand Cart
35:12 Heavy Scorpion
36:52 Bow Saw
39:18 Bracer
Connection lost

Rejoining the realm…

Still unreachable

The connection could not be restored.

Session expired

The server has moved on; the page needs a fresh start.